Map: Acid Plant LE

Players

NOTAKON

  • Race: Terran Terran
  • League: Diamond
  • Spawn Location: 11:00

Tng - Winner!

  • Race: Zerg Zerg
  • League: Master
  • Spawn Location: 5:00

VOD

Have the link to the VOD?

Description

Time

  • Played on: Nov. 8, 2018, 5:21 a.m.
  • Length: 11:01
Show
View Real Time Build Order
Export as new Build Order

NOTAKON Terran 

Build Orders: Command Center First (CC), Hellion Banshee, Mech 

Get SALT Encoding   

  12  0:00  SCV  
  13  0:13  SCV  
  14  0:17  Supply Depot  
  14  0:25  SCV  
  15  0:38  SCV  
  16  0:50  SCV  
  17  1:01  Command Center  
  17  1:02  SCV  
  18  1:14  Barracks  
  18  1:16  SCV  
  19  1:22  Refinery  
  19  1:29  SCV  
  19  1:31  Refinery  
  20  1:41  SCV  
  21  1:53  SCV  
  22  2:01  Marine  
  22  2:05  Orbital Command  
  22  2:09  Bunker  
  22  2:14  Orbital Command  
  22  2:19  Marine  
  23  2:27  Factory  
  23  2:30  SCV  
  24  2:39  Barracks Reactor, SCV  
  25  2:48  Supply Depot, SCV  
  26  2:51  SCV  
  27  3:00  SCV  
  27  3:03  SCV  
  29  3:12  SCV  
  30  3:13  Supply Depot  
  30  3:15  SCV  
  30  3:17  Starport  
  35  3:20  Hellion x2  
  35  3:24  SCV  
  36  3:27  Barracks Tech Lab, SCV  
  36  3:33  Supply Depot  
  37  3:36  Supply Depot, SCV  
  37  3:40  SCV  
  41  3:41  Hellion  
  41  3:43  Hellion  
  43  3:48  SCV  
  43  3:54  SCV  
  45  4:00  Cloaking Field  
  45  4:01  SCV  
  45  4:02  Cyclone  
  49  4:05  Cyclone  
  52  4:10  Banshee  
  52  4:14  SCV  
  52  4:15  SCV  
  57  4:21  Supply Depot  
  57  4:26  SCV  
  57  4:27  SCV  
  59  4:35  Hellion  
  59  4:38  Hellion  
  63  4:39  Barracks Tech Lab, SCV x2  
  65  4:51  SCV x2  
  67  4:53  Banshee  
  67  4:56  Armory  
  67  4:58  Hellion  
  67  4:59  Hellion  
  74  5:03  SCV  
  76  5:12  Supply Depot  
  76  5:13  Supply Depot  
  76  5:15  SCV  
  76  5:16  SCV  
  76  5:18  Refinery x2  
  76  5:19  Command Center  
  76  5:21  Marine  
  78  5:33  SCV  
  79  5:38  Hellion x2, SCV  
  79  5:40  Banshee  
  87  5:45  SCV  
  88  5:50  SCV  
  89  5:57  SCV  
  89  5:59  Hellion x2  
  89  6:02  SCV  
  93  6:09  SCV  
  84  6:14  SCV, Factory  
  84  6:16  Factory  
  70  6:21  Hellion x2  
  70  6:22  SCV  
  74  6:27  SCV  
  74  6:28  Banshee  
  78  6:34  Orbital Command, SCV  
  78  6:36  Command Center  
  78  6:39  SCV  
  80  6:42  Hellion  
  80  6:43  Terran Vehicle Weapons Level 1  
  80  6:46  SCV  
  85  6:47  Hellion  
  85  6:51  SCV  
  86  6:54  Supply Depot  
  86  6:58  SCV  
  86  6:59  Supply Depot, Factory Tech Lab  
  86  7:00  Factory Tech Lab  
  87  7:01  SCV  
  87  7:03  SCV  
  87  7:06  Hellion  
  91  7:11  Banshee  
  94  7:17  SCV  
  94  7:18  Hellion  
  94  7:19  Siege Tank  
  94  7:20  Thor  
  106  7:26  SCV  
  106  7:27  SCV  
  96  7:31  Hellion, SCV  
  99  7:43  SCV  
  100  7:46  Hellion  
  100  7:50  Thor, Factory  
  105  7:51  SCV  
  105  7:53  SCV  
  105  7:54  Banshee  
  110  8:03  Thor, Hellion, SCV  
  113  8:08  Hellion  
  113  8:10  SCV  
  109  8:14  SCV  
  109  8:18  Refinery  
  109  8:19  Refinery  
  110  8:24  Hellion  
  108  8:27  SCV  
  108  8:29  Hellion  
  108  8:30  SCV  
  108  8:32  Armory  
  108  8:33  Thor, Engineering Bay  
  118  8:35  Factory Tech Lab, SCV  
  118  8:37  Factory  
  118  8:39  SCV  
  118  8:41  Terran Vehicle And Ship Armor Level 1  
  120  8:46  Hellion  
  120  8:48  Banshee, SCV  
  125  8:50  Hellion  
  125  8:54  Hellion  
  132  8:58  SCV  
  132  9:03  Supply Depot x2  
  132  9:08  SCV x2  
  131  9:10  Hellion, SCV  
  131  9:12  Hellion, Missile Turret  
  131  9:13  Missile Turret  
  131  9:14  Missile Turret  
  131  9:15  Hellion  
  128  9:20  Supply Depot, Thor x2  
  128  9:21  Supply Depot  
  128  9:22  Planetary Fortress  
  128  9:23  Missile Turret  
  140  9:27  SCV, Factory Reactor  
  140  9:28  SCV  
  142  9:33  SCV  
  142  9:35  Hellion x2  
  147  9:41  Missile Turret  
  147  9:42  Missile Turret, SCV x2  
  147  9:45  Thor  
  154  9:47  SCV  
  154  9:54  SCV  
  154  9:57  Hellion, SCV  
  137  10:03  Thor, SCV  
  130  10:07  Thor  
  130  10:08  SCV  
  130  10:11  Hellion, SCV  
  119  10:25  SCV  
  125  10:28  Siege Tank  
  125  10:34  Hellion  
  112  10:48  Factory Tech Lab  
Show
View Real Time Build Order
Export as new Build Order

Tng Zerg - Winner!

Build Orders: Pool First 

Get SALT Encoding   

  12  0:01  Drone  
  13  0:12  Overlord  
  13  0:17  Drone  
  14  0:31  Drone x2  
  16  0:41  Spawning Pool  
  15  0:45  Drone  
  15  0:48  Drone  
  17  1:09  Hatchery  
  16  1:15  Drone  
  17  1:20  Drone  
  17  1:22  Extractor  
  17  1:28  Zergling x2  
  17  1:29  Queen  
  20  1:36  Zergling x2  
  21  1:42  Overlord  
  21  1:57  Drone  
  22  2:05  Queen  
  22  2:06  Drone  
  25  2:12  Drone  
  26  2:21  Drone  
  27  2:24  Drone  
  27  2:25  Metabolic Boost  
  27  2:27  Queen  
  30  2:33  Drone  
  30  2:34  Drone  
  32  2:38  Overlord  
  32  2:42  Drone  
  33  2:45  Drone  
  33  2:46  Drone  
  36  2:51  Drone  
  36  2:57  Drone x2  
  38  3:06  Drone x2  
  40  3:13  Hatchery  
  40  3:14  Drone  
  40  3:19  Queen  
  40  3:24  Overlord  
  40  3:25  Drone  
  40  3:26  Drone  
  44  3:32  Overlord  
  44  3:42  Drone x5  
  44  3:43  Overlord  
  49  3:48  Queen  
  49  3:53  Overlord, Drone  
  49  3:54  Drone  
  49  3:55  Drone  
  54  3:59  Queen  
  56  4:08  Drone x2  
  56  4:09  Drone x2  
  60  4:16  Overlord  
  60  4:18  Zergling x2  
  60  4:21  Zergling x4  
  60  4:23  Zergling x2  
  63  4:25  Zergling x2  
  63  4:31  Lair  
  64  4:33  Queen  
  64  4:34  Overlord, Drone x3  
  64  4:37  Queen  
  71  4:43  Spore Crawler  
  68  4:49  Drone  
  68  4:50  Overlord, Drone x3  
  73  4:56  Evolution Chamber, Baneling Nest  
  73  4:57  Evolution Chamber  
  73  4:58  Zergling x6  
  73  5:05  Zergling x4, Extractor x2  
  73  5:06  Zergling x2, Spine Crawler  
  73  5:07  Zergling x2  
  74  5:16  Drone x2  
  74  5:17  Zergling x8  
  74  5:19  Spore Crawler x2  
  78  5:21  Spore Crawler  
  78  5:23  Zergling x2  
  78  5:28  Overseer, Zerg Melee Weapons Level 1  
  78  5:33  Drone  
  78  5:34  Drone x2  
  81  5:44  Drone  
  81  5:45  Drone x8  
  81  5:47  Baneling x2  
  81  5:48  Baneling x2  
  90  5:50  Extractor  
  90  5:51  Baneling  
  79  6:12  Drone  
  79  6:13  Drone x7  
  81  6:20  Spire  
  81  6:23  Zergling x4  
  81  6:24  Zergling x6  
  85  6:29  Drone  
  85  6:30  Drone  
  87  6:37  Zergling x4, Extractor  
  87  6:38  Overseer, Extractor  
  87  6:40  Baneling x8  
  87  6:41  Hatchery  
  86  6:52  Overlord, Drone x7  
  93  6:55  Zergling x2  
  93  6:56  Zergling x6  
  97  7:02  Zerg Ground Armor Level 1  
  97  7:09  Roach Warren  
  96  7:25  Overlord  
  95  7:30  Drone  
  95  7:31  Overlord  
  95  7:34  Overlord  
  95  7:36  Drone x4  
  95  7:37  Drone x4  
  104  7:38  Zerg Missile Weapons Level 1, Overlord  
  104  8:04  Drone x5  
  102  8:08  Mutalisk x5  
  102  8:09  Mutalisk x5  
  102  8:12  Mutalisk  
  121  8:20  Glial Reconstitution  
  121  8:23  Extractor, Drone x6  
  121  8:26  Overlord x4  
  126  8:27  Overlord x3  
  126  8:29  Overlord  
  126  8:34  Pneumatized Carapace  
  126  8:45  Extractor, Infestation Pit  
  124  8:48  Roach  
  124  8:49  Roach x8  
  142  8:57  Roach x6  
  154  9:03  Roach  
  154  9:04  Roach x6  
  166  9:15  Roach  
  166  9:16  Roach x3  
  172  9:20  Spore Crawler  
  172  9:23  Hive, Roach  
  181  9:24  Roach x5  
  181  9:28  Roach x4  
  186  9:39  Burrow  
  186  9:46  Roach x4  
  186  9:47  Roach x2  
  197  9:59  Roach  
  178  10:00  Roach x13  
  178  10:01  Roach  
  172  10:29  Hydralisk Den, Zergling x2  
  172  10:30  Zergling x24  
  172  10:32  Zergling x2  
Tags
 
Add a new tag
Caveats
  • Supply blocks, unpowered buildings, or Contaminate may cause inaccurate times.
  • Supply counts are checked every 10 seconds.